 Dungeon Crawl Stone Soup version 0.30-a0-596-g0af90f9a20 (webtiles) character file.

Game seed: 4500186530588916766

36 porpoise the Chopper (level 3, -1/19 HPs)
             Began as a Vine Stalker Gladiator on Jan 7, 2023.
             Slain by Terence
             ... wielding a +3 falchion
              (10 damage)
             ... on level 2 of the Dungeon.
             The game lasted 00:02:51 (1027 turns).

porpoise the Chopper (Vine Stalker Gladiator)       Turns: 1027, Time: 00:02:51

Health: -1/19      AC:  4    Str: 16 (18) XL:     3   Next: 37%
Magic:  0/4        EV: 12    Int:  7 (8)  God:
Gold:   63         SH:  0    Dex: 12 (15) Spells: 2/2 levels left

rFire   . . .      SeeInvis .    a - +0 war axe (flame)
rCold   . . .      Faith    .    (no shield)
rNeg    . . .      Spirit   +    b - +0 leather armour
rPois   .          Reflect  .    c - +0 helmet
rElec   .          Harm     .    (no cloak)
rCorr   .          Rampage  .    (no gloves)
Will    .....                    (no boots)
Stlth   +                        (no amulet)
HPRegen 0.23/turn                (no ring)
MPRegen 0.09/turn                (no ring)

@: mighty
A: fangs 2, magic shield, antimagic bite, no potion heal 2
a: no special abilities


You were on level 2 of the Dungeon.
You visited 1 branch of the dungeon, and saw 2 of its levels.

You collected 63 gold pieces.

Inventory:

Hand Weapons
 a - a +0 war axe of flaming (weapon)
Missiles
 d - 3 throwing nets (quivered)
 e - a javelin
Armour
 b - a +0 leather armour (worn)
 c - a +0 helmet (worn)
Scrolls
 f - 2 scrolls of identify {unknown}
 g - a scroll of brand weapon
 j - 2 scrolls of fog
 k - a scroll of amnesia {unknown}
 l - a scroll of enchant weapon {unknown}
Potions
 m - a potion of attraction {unknown}
 n - a potion of haste {unknown}


   Skills:
 + Level 2.3 Fighting
 * Level 3.6 Axes
 - Level 1.7 Throwing
 - Level 2.4 Dodging


You had 2 spell levels left.
You didn't know any spells.
Your spell library was empty.

Dungeon Overview and Level Annotations

Branches:
Dungeon (2/15)

Altars:

Annotations:
D:2 Terence


Innate Abilities, Weirdness & Mutations

You have extremely sharp teeth.
When hurt, damage is shared between your health and your magic reserves.
Your bite disrupts and absorbs the magic of your enemies.
Potions cannot restore your health.


Message History

You barely miss the kobold. The kobold hits you but does no damage.
The jackal bites you. The kobold barely misses you. The jackal misses you.
You hit the jackal but do no damage.
The jackal is heavily wounded.
You hit the kobold but do no damage. The jackal misses you.
The kobold misses you.
You barely miss the jackal.
The jackal is heavily wounded.
You hit the kobold but do no damage. The jackal bites you.
The kobold closely misses you. The jackal barely misses you.
You closely miss the jackal. You bite the jackal.
You kill the jackal!
You miss the kobold.
The kobold hits you with a +0 dagger. x2
You barely miss the kobold. The kobold hits you but does no damage.
You hit the kobold. You burn the kobold. Your bite misses the kobold.
The kobold is heavily wounded.
The kobold closely misses you.
You slash the kobold! You burn the kobold.
You kill the kobold!
Things that are here:
a +0 dagger; a stone; a kobold corpse You start resting.
HP restored.
n - a coppery potion
Found a stone staircase leading down.
f - 2 scrolls labelled DEJIOT GIET (gained 1)
j - 2 scrolls of fog (gained 1) Terence the Incautious comes into view.
He is wielding a +3 falchion and wearing a +0 scale mail of poison resistance.
You hit Terence. You burn Terence. Your bite misses Terence.
Terence is moderately wounded.
Terence hits you with a +3 falchion!
It was a potion of degeneration.
There was something very wrong with that liquid.
You feel weakened.
You feel dopey.
You feel clumsy. Terence hits you with a +3 falchion!
It was a potion of might.
You feel very mighty all of a sudden. Terence hits you with a +3 falchion!
Ouch! That really hurt!
You die...

........ ......## .h #. #.# #
.......#... #. #.# .#
............ #. #.### .#
.......#...# #. #.#.....#
#'#'#....... #. #.#.##..#
#.#†#####.. #. #$#.....#
..#)#.. ... #@##.#..#....#
#..)#.###.# #$@.....#.####
..#.#.#.#.# ####.##.#.#
###...#.#.###.# #....#.####.#
..............# #...........#
###...###.###### #.####.######
....#..........###.# #.#
#####...#..##......####.#######
#..............#...........
#......#.......#.##.#######


You could see Terence.

Vanquished Creatures
  2 dart slugs (D:1)
  A ball python (D:1)
  2 bats (D:1)
  An endoplasm (D:2)
  5 goblins
  4 hobgoblins (D:1)
  2 jackals (D:2)
  6 kobolds
  2 quokkas
  2 frilled lizards (D:1)
  A rat (D:2)
28 creatures vanquished.

Notes
Turn   | Place    | Note
-------+----------+-------------------------------------------
     0 | D:1      | porpoise the Vine Stalker Gladiator began the quest for the
                  | Orb.
     0 | D:1      | Reached XP level 1. HP: 11/11 MP: 2/2
   123 | D:1      | Reached skill level 3 in Axes
   123 | D:1      | Reached XP level 2. HP: 13/15 MP: 1/3
   470 | D:1      | Reached XP level 3. HP: 18/18 MP: 4/4
  1024 | D:2      | Noticed Terence
  1027 | D:2      | Slain by Terence

Illustrated notes

Levels and vault maps discovered:
D:1:      mrwooster_arrival_statue_2, layout_loops_ring, minmay_misc_feat_chi
D:2:      minmay_kobold_bridge, layout_basic, uniq_sigmund, uniq_terence

Skill      XL: |  1 |
---------------+----+-----
Fighting       | 2 |  2.3
Axes           | 3 |  3.6
Throwing       | |  1.7
Dodging        | |  2.4

Action                   || total
-------------------------++-------
Melee: War axe           ||    60
       Bite              ||    12
       Punch             ||     1
  Use: Scroll            ||     2
       Potion            ||     2
Armor: Leather armour    ||    14
Dodge: Dodged            ||    26

Table legend: (Time is in decaauts)
 A = Elapsed time spent in this place.
 B = Non-inter-level travel time spent in this place.
 C = Inter-level travel time spent in this place.
 D = Time resting spent in this place.
 E = Time spent auto-exploring this place.
 F = Levels seen in this place.
 G = Mean time per level.
                   A        B        C        D        E       F      G
               +--------+--------+--------+--------+--------+-----+--------+
         Total |   1046 |   1032 |     14 |     47 |    784 |   2 |  523.0 |
       Dungeon |   1046 |   1032 |     14 |     47 |    784 |   2 |  523.0 |
               +--------+--------+--------+--------+--------+-----+--------+

Top non-repeatable levels by time:
     D:1: 829 daAuts
     D:2: 217 daAuts
